 Dungeon Crawl Stone Soup version 0.29-a0-330-g52719c12eb (webtiles) character file.

Game seed: 4988794152184542795

70794 Argons the Champion of Chaos (level 15, 0/132 HPs)
             Began as a Ghoul Fire Elementalist on May 1, 2022.
             Was the Champion of Makhleb.
             Slain by a meliai
             ... wielding a +0 war axe
              (6 damage)
             ... on level 13 of the Dungeon on May 2, 2022.
             The game lasted 02:34:18 (32849 turns).

Argons the Champion of Chaos (GhFE)                Turns: 32849, Time: 02:34:18

Health: 0/132      AC: 18    Str: 20    XL:     15   Next: 34%
Magic:  25/25      EV: 12    Int: 10    God:    Makhleb [******]
Gold:   871        SH:  0    Dex:  9    Spells: 14/17 levels left

rFire   . . .      SeeInvis +     - Unarmed
rCold   + + +      Faith    .   (no shield)
rNeg    + + +      Spirit   .   j - +1 chain mail of Leapfrog {rC+++}
rPois   ∞          Reflect  .   p - +2 hat {Stlth+}
rElec   .          Harm     .   F - +0 cloak {Stlth+}
rCorr   .          Rampage  .   (no gloves)
Will    +....                   r - +0 pair of boots
Stlth   +++.......              N - amulet of the acrobat
HPRegen 0.00/turn               U - ring of see invisible
MPRegen 0.19/turn               D - +4 ring of evasion

@: inhibited regen, studying Shields, invisible
A: claws 1, cold resistance 1, negative energy resistance 3, inhibited
regeneration, torment resistance 2, devour on kill
a: Renounce Religion, Minor Destruction, Lesser Servant of Makhleb, Major
Destruction, Greater Servant of Makhleb


You were on level 13 of the Dungeon.
You worshipped Makhleb.
Makhleb was exalted by your worship.
You visited 4 branches of the dungeon, and saw 22 of its levels.

You collected 1689 gold pieces.
You spent 818 gold pieces at shops.

Inventory:

Hand Weapons
 J - the +6 quarterstaff of Cezxam {freeze, *Slow rElec rC++ Will++}
   (You found it on level 6 of the Dungeon)

   It freezes those it strikes, dealing additional cold damage.
   It can also slow down cold-blooded creatures.
   rC:        It greatly protects you from cold.
   rElec:     It insulates you from electricity.
   *Slow:     It may slow you when you take damage.
   Will:      It greatly increases your willpower.
Missiles
 q - 18 boomerangs
 v - 2 datura-tipped darts
 y - 6 throwing nets
 B - 53 poisoned darts
 C - 8 javelins
 R - 12 curare-tipped darts (quivered)
Armour
 j - the +1 chain mail of Leapfrog (worn) {rC+++}
   (You found it on level 6 of the Lair of Beasts)

   rC:        It renders you almost immune to cold.
 p - a +2 hat of stealth (worn)
 r - a +0 pair of boots (worn)
 F - a +0 cloak of stealth (worn)
 Y - the +1 chain mail of Gallantry {rElec Will+ Stlth-}
   (You found it on level 6 of the Lair of Beasts)

   rElec:     It insulates you from electricity.
   Will:      It increases your willpower.
   Stlth:     It makes you less stealthy.
Jewellery
 a - a ring of ice
 e - a ring of willpower
 f - a ring of flight
 D - a +4 ring of evasion (right claw)
 N - an amulet of the acrobat (around neck)
 U - a ring of see invisible (left claw)
Wands
 n - a wand of digging (8)
 o - a wand of polymorph (12)
 s - a wand of flame (27)
 I - a wand of paralysis (19)
 O - a wand of acid (12)
 P - a wand of mindburst (5)
 T - a wand of charming (14)
Scrolls
 g - 3 scrolls of enchant armour
 k - 5 scrolls of silence
 t - 7 scrolls of magic mapping
 u - 2 scrolls of torment
 A - 9 scrolls of teleportation
 E - a scroll of summoning
 G - 2 scrolls of enchant weapon
 H - 4 scrolls of acquirement
 L - 7 scrolls of amnesia
 Q - 8 scrolls of identify
 S - 6 scrolls of fog
Potions
 b - a potion of magic
 d - 9 potions of curing
 i - 4 potions of flight
 l - 10 potions of brilliance
 m - 3 potions of might
 w - 3 potions of invisibility
 x - a potion of ambrosia
 z - 3 potions of haste
 K - a potion of resistance
 M - 4 potions of attraction
 X - a potion of cancellation
Miscellaneous
 h - a condenser vane
 Z - a piece from Xom's chessboard (15/15)


   Skills:
 - Level 12.0 Fighting
 + Level 11.0 Armour
 - Level 1.7 Dodging
 + Level 9.9 Stealth
 - Level 15.0 Unarmed Combat
 - Level 1.7 Spellcasting
 - Level 0.7 Conjurations
 - Level 2.4 Fire Magic
 + Level 15.9 Invocations


You had 14 spell levels left.
You knew the following spells:

 Your Spells              Type           Power      Damage    Failure   Level
a - Foxfire               Conj/Fire      16%        2x1d4     75%         1
b - Scorch                Fire           10%        2d6       77%         2

Your spell library contained the following spells:

 Spells                   Type           Power      Damage    Failure   Level
 Magic Dart               Conj           8%         1d3       86%         1
 Animate Skeleton         Necr           0%         N/A       91%         1
 Apportation              Tloc           0%         N/A       91%         1
 Summon Small Mammal      Summ           0%         N/A       91%         1
 Call Imp                 Summ           0%         N/A       97%         2
 Conjure Flame            Conj/Fire      4%         6-21      98%         3
 Inner Flame              Hex/Fire       3%         N/A       99%         3
 Mephitic Cloud           Conj/Pois/Air  1%         N/A       99%         3
 Gell's Gravitas          Tloc           0%         N/A       100%        3
 Lesser Beckoning         Tloc           0%         N/A       100%        3
 Teleport Other           Tloc           0%         N/A       100%        3
 Animate Dead             Necr           0%         N/A       100%        4
 Flame Wave               Conj/Fire      4%         2d5       100%        4
 Leda's Liquefaction      Hex/Erth       0%         N/A       100%        4
 Borgnjor's Vile Clutch   Necr/Erth      0%         N/A       100%        5
 Fireball                 Conj/Fire      2%         3d4       100%        5
 Iskenderun's Battlesphe  Conj           2%         2d6       100%        5
 Lee's Rapid Deconstruct  Erth           0%         3d5*      100%        5
 Lightning Bolt           Conj/Air       0%         1d11      100%        5
 Silence                  Hex/Air        0%         N/A       100%        5
 Conjure Ball Lightning   Conj/Air       0%         3x3d6     100%        6
 Death Channel            Necr           0%         N/A       100%        6
 Summon Cactus Giant      Summ           0%         N/A       100%        6
 Enfeeble                 Hex            0%         N/A       100%        7
 Orb of Destruction       Conj           1%         9d5       100%        7
 Statue Form              Tmut/Erth      Unusable   N/A       N/A         6

Dungeon Overview and Level Annotations

Branches:
Dungeon (13/15)            Temple (1/1) D:4            Lair (6/6) D:10
  Swamp (0/4) Lair:3       Spider (0/4) Lair:3        Slime (0/5) Lair:6
    Orc (2/2) D:11         Vaults (0/5) D:13
    Elf: Orc:2

Altars:
Ashenzari
Cheibriados
Dithmenos
Elyvilon
Fedhas
Gozag
Hepliaklqana
Kikubaaqudgha
Makhleb
Nemelex Xobeh
Okawaru
Qazlal
Ru
Sif Muna
Trog
Uskayaw
Vehumet
Wu Jian
Xom
Yredelemnul
Zin
The Shining One
Jiyva
Lugonu

Shops:
D:9 ?   D:10 *

Portals:
Trove: D:13 (give +3 fire dragon scales)

Annotations:
D:7 transponder
D:9 nice scrolls
D:10 rC ring


Innate Abilities, Weirdness & Mutations

You are immune to poison.
You have sharp fingernails.
Your flesh is cold resistant. (rC+)
You are immune to negative energy. (rN+++)
You do not regenerate when monsters are visible.
You are immune to unholy pain and torment.
You thrive by killing the living.


Message History

* * * LOW HITPOINT WARNING * * *
The meliai attacks as you move away! The meliai completely misses you.
The meliai stings you.
* * * LOW HITPOINT WARNING * * *
The meliai mumbles some strange prayers to its god against you.
Something smites you!
* * * LOW HITPOINT WARNING * * *
The meliai mumbles some strange prayers to its god against you.
Something smites you!
* * * LOW HITPOINT WARNING * * *
The meliai barely misses you.
The meliai stings you but does no damage.
The meliai attacks as you move away! The meliai closely misses you.
The meliai completely misses you.
The meliai mumbles some strange prayers to its god against you.
Something smites you!
* * * LOW HITPOINT WARNING * * *
There is a stone staircase leading up here.
Okay, then.
You fade into invisibility!
The meliai hits you but does no damage. The meliai barely misses you.
The meliai hits you but does no damage. The meliai closely misses you.
The meliai barely misses you.
The meliai stings you but does no damage.
You feel much better. The meliai closely misses you.
The meliai completely misses you. The meliai hits you but does no damage.
The meliai barely misses you. The meliai misses you.
The meliai barely misses you. The meliai hits you with a +0 hand axe.
* * * LOW HITPOINT WARNING * * *
The meliai stings you but does no damage.
The meliai hits you with a +0 war axe!
* * * LOW HITPOINT WARNING * * *
The meliai barely misses you. The meliai misses you.
The meliai stings you but does no damage.
The meliai hits you but does no damage. The meliai stings you.
* * * LOW HITPOINT WARNING * * *
The meliai hits you with a +0 hand axe.
* * * LOW HITPOINT WARNING * * *
The meliai completely misses you. The meliai hits you with a +0 war axe.
You die...

#...........####......# #.##
####.#.....#.....#......# #.##
+....#.#.#.#..##.#......# #.##
####.#.#.).....#.#......###'##
#....#.#...#...#.#...........#
#.##.........#.#.............#
#....#.....#...#........p..[.#
y
#.####......y..#........###...
.. #...........y@.#........#
#.##
#.#####......#y#.#[.####### #.#
#...y....#.....#.#... #.#
#$.#####.#.##..#.#.#####+####.#
#.. ........#.#.# #.....)..#
##. #.##.###...#.# #........#
#. ... #.# #####. #........# ##
###. #.# ###+####.# #. #.# #.#


You could see 3 meliai.

Vanquished Creatures
  Rupert (Lair:5)
  Gastronok (Lair:1)
  Snorg (D:13)
  Fannar (Lair:1)
  Harold (D:9)
  A boulder beetle (D:13)
  4 hydras
  5 two-headed ogres
  4 centaur warriors
  2 dancing weapons (D:13)
  An orc high priest (Orc:2)
  5 death yaks
  Sonja (Lair:3)
  Amaemon (Lair:2)
  The ghost of Argons the Summoner, a novice OpSu of Sif Muna (D:8)
  A goliath frog (Lair:6)
  Pikel (D:7)
  A deep elf pyromancer (D:12)
  An orc sorcerer (Orc:2)
  2 ugly things
  2 manticores
  4 cyclopes
  14 elephants
  6 black mambas
  An eye of devastation (shapeshifter) (D:10)
  Joseph (Lair:1)
  Maurice (D:13)
  An orange demon (Lair:2)
  20 cane toads
  A gargoyle (D:12)
  16 komodo dragons
  Maggie (D:10)
  An unseen horror (D:12)
  A kobold demonologist (D:12)
  A rime drake (Lair:2)
  A tengu conjurer (D:13)
  A polar bear (Lair:6)
  3 tyrant leeches (Lair:6)
  15 slime creatures
  28 blink frogs
  A water elemental (D:11)
  2 shadows
  4 wyverns
  26 yaks
  2 vampires
  A wraith (D:10)
  4 basilisks
  2 steam dragons (D:7)
  5 vampire mosquitoes (Lair:6)
  3 wargs
  An acid dragon (D:13)
  15 water moccasins
  Duvessa (D:7)
  5 ice beasts
  13 orc warriors
  3 black bears
  3 ogres
  A sky beast (D:6)
  25 wolves (Lair:4)
  4 centaurs
  3 phantoms
  4 lemures (D:7)
  2 gnoll sergeants
  13 kobold brigands
  26 bullfrogs
  A scorpion (D:7)
  A necrophage (D:5)
  5 wights (D:7)
  Dowan (D:7)
  16 killer bees
  An electric eel (Lair:6)
  2 howler monkeys (D:7)
  2 jellies
  A gnoll shaman (D:6)
  A hound (D:5)
  19 orc priests
  10 iguanas
  15 orc wizards
  13 gnolls
  9 adders
  A shadow imp (D:6)
  A white imp (D:6)
  6 ufetubi
  3 dart slugs
  58 orcs
  6 endoplasms
  6 giant cockroaches (D:1)
  13 hobgoblins
  2 jackals (D:3)
  19 kobolds
  6 quokkas
  14 ball pythons
  3 bats (D:1)
  4 frilled lizards
  11 goblins
  5 rats
579 creatures vanquished.

Vanquished Creatures (collateral kills)
  A foxfire (D:3)
1 creature vanquished.

Vanquished Creatures (others)
  A wight (D:7)
  A bush (Lair:3)
  17 foxfires
  49 fungi
  153 plants
221 creatures vanquished.

Grand Total: 801 creatures vanquished

Notes
Turn   | Place    | Note
-------+----------+-------------------------------------------
     0 | D:1      | Argons the Ghoul Fire Elementalist began the quest for the
                  | Orb.
     0 | D:1      | Reached XP level 1. HP: 14/14 MP: 2/2
   211 | D:1      | Reached skill level 1 in Fighting
   211 | D:1      | Reached skill level 1 in Unarmed Combat
   234 | D:1      | Reached XP level 2. HP: 23/23 MP: 1/3
   291 | D:1      | Learned a level 2 spell: Scorch
   691 | D:1      | Reached XP level 3. HP: 26/29 MP: 1/4
  1840 | D:1      | Reached XP level 4. HP: 36/36 MP: 5/5
  2743 | D:2      | Reached XP level 5. HP: 23/41 MP: 0/6
  3593 | D:3      | Found a faded altar of an unknown god.
  3614 | D:3      | Reached skill level 5 in Unarmed Combat
  4183 | D:3      | Reached XP level 6. HP: 28/48 MP: 0/7
  4766 | D:4      | Found an iron altar of Okawaru.
  4959 | D:4      | Found a staircase to the Ecumenical Temple.
  4965 | Temple   | Entered the Ecumenical Temple
  5861 | D:5      | Entered Level 5 of the Dungeon
  5892 | D:5      | Reached XP level 7. HP: 50/55 MP: 4/8
  5978 | D:5      | Found a bloodstained altar of Trog.
  7053 | D:5      | Reached XP level 8. HP: 61/61 MP: 9/9
  7157 | D:5      | Noticed a two-headed ogre
  7491 | D:6      | Identified the +6 quarterstaff of Cezxam {freeze, *Slow
                  | rElec rC++ Will++}
  7535 | D:6      | Found a burning altar of Makhleb.
  7535 | D:6      | Found a basalt altar of Yredelemnul.
  7539 | D:6      | Became a worshipper of Makhleb the Destroyer
  7607 | D:6      | Reached skill level 10 in Unarmed Combat
  7656 | D:6      | Reached skill level 1 in Invocations
  8638 | D:7      | Noticed Dowan
  8639 | D:7      | Noticed Duvessa
  8653 | D:7      | Killed Duvessa
  8654 | D:7      | Reached XP level 9. HP: 68/73 MP: 1/11
  8660 | D:7      | Reached skill level 5 in Fighting
  8665 | D:7      | Killed Dowan
  8712 | D:7      | Reached skill level 5 in Invocations
  8895 | D:7      | Noticed Pikel
  9092 | D:7      | Reached skill level 1 in Armour
  9096 | D:7      | Reached * piety under Makhleb
  9396 | D:7      | Noticed a purple ugly thing
  9397 | D:7      | Found a transporter.
  9398 | D:7      | Found a corrupted altar of Lugonu.
  9399 | D:7      | Noticed a red ugly thing
  9399 | D:7      | Noticed a white ugly thing
 10243 | D:7      | Noticed a two-headed ogre
 10640 | D:7      | Killed Pikel
 10641 | D:7      | Reached XP level 10. HP: 74/83 MP: 10/15
 10782 | D:7      | Found a transporter.
 11207 | D:8      | Reached skill level 5 in Armour
 11235 | D:8      | Reached ** piety under Makhleb
 11393 | D:8      | Found a runed translucent gate.
 11393 | D:8      | Found a runed translucent gate.
 11393 | D:8      | Found a runed translucent gate.
 11395 | D:8      | Noticed Argons's ghost (novice OpSu)
 12276 | D:9      | Found Attaish's Magic Scroll Emporium.
 12686 | D:9      | Bought a scroll of blinking for 97 gold pieces
 12686 | D:9      | Bought a scroll of fear for 45 gold pieces
 12686 | D:9      | Identified 2 scrolls of acquirement
 12910 | D:9      | Noticed Harold
 13293 | D:10     | Entered Level 10 of the Dungeon
 13368 | D:9      | Reached XP level 11. HP: 45/92 MP: 16/16
 13515 | D:10     | Found a staircase to the Lair.
 13696 | D:10     | Found an opulent altar of Gozag.
 13696 | D:10     | Found a shimmering blue altar of Sif Muna.
 13729 | D:10     | Noticed Maggie
 13748 | D:10     | Killed Maggie
 13870 | D:10     | Found Hasu's General Store.
 13943 | Lair:1   | Entered Level 1 of the Lair of Beasts
 14079 | D:10     | Reached *** piety under Makhleb
 14624 | Lair:1   | Reached skill level 10 in Invocations
 14646 | Lair:1   | Noticed Gastronok
 15086 | Lair:1   | Reached XP level 12. HP: 98/105 MP: 11/18
 15106 | Lair:1   | Identified the +0 robe of Iwaedweh {*Corrode Int+8}
 15239 | Lair:1   | Noticed Fannar
 15376 | Lair:2   | Reached skill level 10 in Fighting
 15701 | Lair:2   | Noticed Amaemon
 15715 | Lair:2   | Killed Amaemon
 16864 | Lair:3   | Noticed a death yak
 16866 | Lair:3   | Noticed a death yak
 16869 | Lair:3   | Noticed a death yak
 16871 | Lair:3   | Noticed a death yak
 16875 | Lair:3   | Noticed a death yak
 16904 | Lair:3   | Noticed Sonja
 17093 | Lair:3   | Identified the +2 robe "Ysus" {rElec Int+4 Stlth+}
 17105 | Lair:3   | Identified the +11 hunting sling of the Rotten God {flame,
                  | rC+ Dex-4 Stlth+}
 17246 | Lair:3   | Found a hole to the Spider Nest.
 17256 | Lair:3   | Killed Sonja
 17408 | Lair:3   | Killed a death yak
 17428 | Lair:2   | Killed a death yak
 17428 | Lair:2   | Reached **** piety under Makhleb
 17691 | Lair:3   | Killed a death yak
 18319 | Lair:3   | Found a staircase to the Swamp.
 18854 | Lair:3   | Killed a death yak
 19051 | Lair:3   | Killed a death yak
 19183 | Lair:4   | Reached XP level 13. HP: 116/116 MP: 21/21
 21050 | Lair:5   | Noticed Rupert
 21194 | Lair:5   | Identified the +1 robe of Daamity {rElec rPois Str-2}
 21658 | Lair:5   | Reached ***** piety under Makhleb
 21983 | Lair:5   | Killed Rupert
 22329 | Lair:6   | Entered Level 6 of the Lair of Beasts
 22515 | Lair:6   | Reached skill level 15 in Unarmed Combat
 23187 | Lair:6   | Reached XP level 14. HP: 126/126 MP: 23/23
 23531 | Lair:6   | Reached skill level 5 in Stealth
 24271 | Lair:6   | Found a staircase to the Slime Pits.
 24281 | Lair:6   | Found a viscous altar of Jiyva.
 24635 | Lair:6   | Identified the +1 chain mail of Leapfrog {rC+++}
 24639 | Lair:6   | Identified the +1 chain mail of Gallantry {rElec Will+
                  | Stlth-}
 25637 | Lair:1   | Killed Fannar
 25904 | Lair:1   | Noticed Joseph
 25918 | Lair:1   | Killed Joseph
 26059 | Lair:1   | Killed Gastronok
 26291 | D:9      | Killed Harold
 27709 | D:8      | Killed Argons's ghost
 27834 | D:9      | Bought a scroll of acquirement for 676 gold pieces
 28231 | D:11     | Reached skill level 10 in Armour
 28231 | D:11     | Reached skill level 15 in Invocations
 29204 | D:11     | Found a staircase to the Orcish Mines.
 29219 | Orc:1    | Entered Level 1 of the Orcish Mines
 29440 | Orc:2    | Entered Level 2 of the Orcish Mines
 29622 | Orc:2    | Reached ****** piety under Makhleb
 29628 | Orc:2    | Noticed an orc warlord
 30026 | D:12     | Got Labep's Incunabulum of Damaging Execration
 30048 | D:12     | Reached XP level 15. HP: 131/132 MP: 25/25
 31315 | D:13     | Found a portal to a secret trove of treasure.
 31324 | D:13     | Noticed Snorg
 31349 | D:13     | Killed Snorg
 31688 | D:13     | Noticed Maurice
 31698 | D:13     | Killed Maurice
 31989 | D:13     | Found a gate to the Vaults.
 32846 | D:13     | HP: 2/132 [meliai/divine providence (11)]
 32849 | D:13     | Slain by a meliai

Illustrated notes

Levels and vault maps discovered:
D:1:      evilmike_arrival_come_back, layout_basic
D:2:      cheibrodos_old_hovel, layout_basic, minmay_hexomino_c4
D:3:      layout_loops_ring, dreamdust_divine_triumvirate, serial_forest,
          infiniplex_forest_lined_2, infiniplex_forest_straight_3,
          infiniplex_forest_straight_1, infiniplex_forest_straight_1,
          infiniplex_forest_corner_2, infiniplex_forest_lined_2,
          infiniplex_forest_clump_curved, infiniplex_forest_straight_2,
          infiniplex_forest_lined_room_3, hellmonk_ecumenical_altar_lost_god,
          guppyfry_early_orc_mine
D:4:      layout_basic, okawaru_ov_weapons_minmay,
          minmay_temple_entry_overgrown, grunt_tough_drop
D:5:      minmay_chambers_of_fours, layout_basic, general_overflow_altar
D:6:      layout_basic, gammafunk_temple_overflow_wave
D:7:      gammafunk_corrupted_shrine, layout_basic, minmay_misc_feat_tiny,
          st_stairs_9, uniq_duvessa, uniq_pikel
D:8:      layout_loops_ring, gammafunk_ghost_nasty_kobolds
D:9:      layout_basic, serial_shops, shop_statue, uniq_harold
D:10:     layout_rooms, mainiacjoe_overflow_divided_tiny,
          erik_lair_orcish_takeover, serial_shops, kennysheep_little_box,
          uniq_maggie
D:11:     layout_irregular_city, erik_orc_2
D:12:     layout_grid_maze
D:13:     layout_basic, erik_vaults_1, enter_trove_2, serial_glass,
          glass_columns_c, glass_columns_a, uniq_snorg, uniq_maurice
Temple:   cyrus_circular_temple
Lair:1:   layout_regular_city, serial_bayou_shore_a, grunt_megastairs_4,
          infiniplex_staircase_pool, uniq_fannar, uniq_joseph, uniq_gastronok
Lair:2:   layout_layer_cave, grunt_megastairs_1, lemuel_fruit_tree, uniq_amaemon
Lair:3:   nzn_winding_woodlands_three_and_one
          [nzn_winding_woodlands_5x15_river_crossing,
          nzn_winding_woodlands_5x15_crooked,
          nzn_winding_woodlands_5x15_sawtooth,
          nzn_winding_woodlands_center_diamonds], layout_regular_city,
          swamp_mist, spider_nest_entry_web_field, uniq_sonja
Lair:4:   layout_cave_shapes, grunt_forest_large_clearings
Lair:5:   layout_regular_city, serial_bayou_shore_b, uniq_rupert
Lair:6:   minmay_lair_end_frog_pond, layout_gridlike, slime_altar_1
Orc:1:    layout_caves
Orc:2:    grunt_orc_cross, layout_caves

Skill      XL: |  1  2  3  4  5  6  7  8  9 10 11 12 13 14 15 |
---------------+----------------------------------------------+-----
Fighting       | 1 2 4 6 7 9 11 12 | 12.0
Unarmed Combat | 1 3 4 5 7 9 10 12 13 15 | 15.0
Invocations    | 4 8 9 10 12 13 15 | 15.9
Armour         | 4 6 7 8 10 11 | 11.0
Stealth        | 4 8 9 |  9.9
Dodging        | |  1.7
Spellcasting   | |  1.7
Conjurations   | |  0.7
Fire Magic     | |  2.4

Action                   |  1- 3 |  4- 6 |  7- 9 | 10-12 | 13-15 || total
-------------------------+-------+-------+-------+-------+-------++-------
Melee: Unarmed           |    91 |   153 |   236 |   630 |  1027 ||  2137
       Punch             |     2 |     3 |     9 |    46 |    99 ||   159
Throw: Boomerang         |       |     3 |     7 |    15 |    13 ||    38
       Dart              |       |     2 |     6 |     4 |    10 ||    22
       Javelin           |       |       |       |     4 |       ||     4
 Cast: Foxfire           |     9 |     1 |       |       |       ||    10
       Scorch            |    19 |    66 |    92 |    89 |    14 ||   280
Invok: Minor Destruction |       |       |       |    69 |   291 ||   360
       Lesser Servant of |       |       |       |       |     3 ||     3
       Major Destruction |       |       |       |       |     3 ||     3
Evoke: Wand              |     1 |     1 |       |     7 |     2 ||    11
  Use: Scroll            |       |     4 |     9 |    10 |    13 ||    36
       Potion            |       |       |       |     1 |     5 ||     6
 Stab: Sleeping          |       |       |       |     1 |     3 ||     4
       Distracted        |       |       |       |       |     1 ||     1
Armor: Robe              |    19 |    19 |       |       |       ||    38
       Steam dragon scal |       |       |    35 |   123 |    75 ||   233
       Chain mail        |       |       |       |       |   173 ||   173
Dodge: Dodged            |    43 |    71 |   168 |   339 |   513 ||  1134

Table legend: (Time is in decaauts)
 A = Elapsed time spent in this place.
 B = Non-inter-level travel time spent in this place.
 C = Inter-level travel time spent in this place.
 D = Time resting spent in this place.
 E = Time spent auto-exploring this place.
 F = Levels seen in this place.
 G = Mean time per level.
                   A        B        C        D        E       F      G
               +--------+--------+--------+--------+--------+-----+--------+
         Total |  32469 |  29757 |   2712 |  12267 |   1173 |  22 | 1475.9 |
       Dungeon |  20025 |  18220 |   1805 |   7193 |    546 |  13 | 1540.4 |
        Temple |     55 |     45 |     10 |      0 |     38 |   1 |   55.0 |
          Lair |  11947 |  11071 |    876 |   5064 |    581 |   6 | 1991.2 |
  Orcish Mines |    440 |    420 |     20 |      9 |      8 |   2 |  220.0 |
               +--------+--------+--------+--------+--------+-----+--------+

Top non-repeatable levels by time:
  Lair:6: 2856 daAuts
     D:7: 2829 daAuts
  Lair:2: 2248 daAuts
  Lair:1: 1776 daAuts
    D:12: 1776 daAuts
     D:5: 1773 daAuts
  Lair:4: 1769 daAuts
     D:6: 1710 daAuts
  Lair:3: 1653 daAuts
  Lair:5: 1642 daAuts
     D:3: 1617 daAuts
     D:1: 1557 daAuts
     D:2: 1524 daAuts
     D:8: 1473 daAuts
    D:13: 1304 daAuts
